 Dungeon Crawl Stone Soup version 0.30-a0-630-g881e3bac89 (webtiles) character file.

Game seed: 6049726795974207474

109 Rrauwl the Slasher (level 4, 0/37 HPs)
             Began as a Barachi Berserker on Jan 13, 2023.
             Was a Believer of Trog.
             Frozen to death by an endoplasm (4 damage)
             ... on level 3 of the Dungeon.
             The game lasted 00:04:57 (1626 turns).

Rrauwl the Slasher (Barachi Berserker)              Turns: 1626, Time: 00:04:57

Health: 0/37       AC:  2    Str: 20      XL:     4   Next: 90%
Magic:  4/4        EV: 12    Int:  8      God:    Trog [**....]
Gold:   100        SH:  0    Dex: 10 (11) Spells: 3/3 levels left

rFire   . . .      SeeInvis .    a - +0 falchion
rCold   . . .      Faith    .    (no shield)
rNeg    . . .      Spirit   .    b - +0 animal skin
rPois   .          Reflect  .    (no helmet)
rElec   .          Harm     .    (no cloak)
rCorr   .          Rampage  .    (no gloves)
Will    .....                    (no boots)
Stlth   +                        c - amulet of magic regeneration
HPRegen 0.26/turn                (no ring)
MPRegen 0.49/turn                (no ring)

@: on berserk cooldown, slowed, very slow
A: amphibious, slowness 1, strong legs 1, +LOS
a: Hop, Renounce Religion, Berserk, Trog's Hand


You were on level 3 of the Dungeon.
You worshipped Trog.
Trog was pleased with you.
You visited 1 branch of the dungeon, and saw 3 of its levels.

You collected 100 gold pieces.

Inventory:

Hand Weapons
 a - a +0 falchion (weapon)
Armour
 b - a +0 animal skin (worn)
Jewellery
 c - an amulet of magic regeneration (around neck)
Scrolls
 e - 2 scrolls of identify
 f - a scroll of fear
 g - a scroll of immolation {unknown}
Potions
 d - a potion of magic


   Skills:
 - Level 4.0 Fighting
 + Level 5.6 Long Blades
 - Level 3.0 Armour
 - Level 3.0 Dodging


You had 3 spell levels left.
You didn't know any spells.
Your spell library was empty.

Dungeon Overview and Level Annotations

Branches:
Dungeon (3/15)

Altars:


Innate Abilities, Weirdness & Mutations

You are amphibious.
You cover ground slowly.
You can hop short distances.
You have an extended range of vision and can be seen from far away.


Message History

Trog appreciates your killing of a magic user.
Terence shouts, "DIE!!!"
You feel your strength returning.
Your Long Blades skill increases to level 5!
You have reached level 4!
You feel clever.
You slash Terence!
Terence is severely wounded.
Terence hits you with a +0 mace!
* * * LOW HITPOINT WARNING * * *
You slash Terence!
You kill Terence!
Trog accepts your kill.
You feel your dexterity returning.
Items here: ! )) [[ †.
You slash the endoplasm!
You kill the endoplasm!
Trog accepts your kill.
The dart slug bites you but does no damage.
You slash the dart slug!
The dart slug is almost dead.
You are no longer berserk.
You are exhausted.
You feel yourself slow down.
You hit the dart slug.
You kill the dart slug!
Trog accepts your kill.
You can now call upon Trog for regeneration and willpower.
The endoplasm freezes you.
You are frozen.
* * * LOW HITPOINT WARNING * * *
You hit the endoplasm.
The endoplasm is severely wounded.
The endoplasm barely misses you.
You hit the endoplasm.
The endoplasm is almost dead.
The endoplasm closely misses you. The endoplasm freezes you.
You are frozen.
You die...

... ... . ... ..# ...
#.# ..# ..#.## #># ..#
#..#..##.# .>#
#...#o..## ##.#
#...#..########..#
#...#...#........#.#
...#...#....####@###..
.#...#...#..##KJ## #S#
.?.#...#....##.## #..
.#...#...#..##.. ...
..#...#......... .@. #
..#...#.###.##J ...
.#...#..## #.# #K ..
#...#..#. ..# #) #. #
### ..


You could see an endoplasm and a kobold.

Vanquished Creatures
  Terence (D:3)
  An orc wizard (D:3)
  2 adders
  A worm (D:2)
  3 dart slugs
  5 ball pythons
  2 bats (D:2)
  4 endoplasms
  A giant cockroach (D:1)
  A hobgoblin (D:2)
  5 kobolds
  A quokka (D:1)
  3 frilled lizards (D:1)
  2 goblins (D:2)
  4 rats
36 creatures vanquished.

Notes
Turn   | Place    | Note
-------+----------+-------------------------------------------
     0 | D:1      | Rrauwl the Barachi Berserker began the quest for the Orb.
     0 | D:1      | Reached XP level 1. HP: 18/18 MP: 1/1
   238 | D:1      | Found a faded altar of an unknown god.
   349 | D:1      | Reached XP level 2. HP: 25/25 MP: 2/2
   823 | D:2      | Reached skill level 4 in Long Blades
   863 | D:2      | Reached XP level 3. HP: 22/30 MP: 3/3
  1602 | D:3      | Noticed Terence
  1618 | D:3      | Reached skill level 5 in Long Blades
  1618 | D:3      | Reached XP level 4. HP: 19/37 MP: 4/4
  1619 | D:3      | Killed Terence
  1624 | D:3      | Reached ** piety under Trog
  1626 | D:3      | Frozen to death by an endoplasm

Illustrated notes

Levels and vault maps discovered:
D:1:      zaba_arrival_water, layout_loops_ring, shapermc_ecumenical_altar_venn
D:2:      layout_loops_ring, minmay_heptomino_l4
D:3:      layout_loops_cross, lemuel_doored_altar, gammafunk_ghost_smash,
          hex_medium, uniq_terence

Skill      XL: |  1  2  3 |
---------------+----------+-----
Long Blades    | 4 5 |  5.6
Fighting       | 4 |  4.0
Armour         | 3 |  3.0
Dodging        | 3 |  3.0

Action                   |  1- 3 |  4- 6 || total
-------------------------+-------+-------++-------
Melee: Falchion          |   115 |     7 ||   122
       Punch             |     1 |       ||     1
Invok: Berserk           |     1 |       ||     1
  Use: Potion            |     4 |       ||     4
       Scroll            |     5 |       ||     5
 Stab: Sleeping          |     1 |       ||     1
Armor: Animal skin       |    12 |     1 ||    13
Dodge: Dodged            |    67 |     2 ||    69

Table legend: (Time is in decaauts)
 A = Elapsed time spent in this place.
 B = Non-inter-level travel time spent in this place.
 C = Inter-level travel time spent in this place.
 D = Time resting spent in this place.
 E = Time spent auto-exploring this place.
 F = Levels seen in this place.
 G = Mean time per level.
                   A        B        C        D        E       F      G
               +--------+--------+--------+--------+--------+-----+--------+
         Total |   1853 |   1792 |     61 |    100 |   1361 |   3 |  617.7 |
       Dungeon |   1853 |   1792 |     61 |    100 |   1361 |   3 |  617.7 |
               +--------+--------+--------+--------+--------+-----+--------+

Top non-repeatable levels by time:
     D:2: 947 daAuts
     D:1: 854 daAuts
     D:3: 51 daAuts
